 Dungeon Crawl Stone Soup version 0.27-a0-705-ga0013940fb (webtiles) character file.

Game seed: 2062454406690109554

16 dickylongcocking the Vexing (level 2, 0/27 HPs)
             Began as an Ogre Arcane Marksman on Mar 23, 2021.
             Slain by a rat (1 damage)
             ... on level 2 of the Dungeon.
             The game lasted 00:00:39 (422 turns).

dickylongcocking the Vexing (Ogre Arcane Marksman)   Turns: 422, Time: 00:00:40

Health: 0/27       AC:  3    Str: 13    XL:     2   Next: 54%
Magic:  0/3        EV:  9    Int: 14    God:
Gold:   14         SH:  0    Dex:  9    Spells: 2/3 levels left

rFire    + . .     SeeInvis .   f - +0 morningstar
rCold    + . .     Faith    .   (no shield)
rNeg     . . .     Spirit   .   a - +0 robe
rPois    +         Reflect  .   (helmet restricted)
rElec    +         Harm     .   (no cloak)
rCorr    +         Rampage  .   (gloves unavailable)
Will     .....                  (boots unavailable)
Stlth    +.........             (no amulet)
HPRegen  0.09/turn              (no ring)
MPRegen  0.08/turn              (no ring)

@: resistant
A: large, unfitting armour, tough skin 1
a: no special abilities


You were on level 2 of the Dungeon.
You visited 1 branch of the dungeon, and saw 2 of its levels.

You collected 14 gold pieces.

Inventory:

Hand Weapons
 f - a +0 morningstar (weapon)
Missiles
 c - 2 large rocks (quivered)
 d - 2 throwing nets
Armour
 a - a +0 robe (worn)
Jewellery
 b - a ring of ice


   Skills:
 - Level 1.3 Fighting
 * Level 1.7 Maces & Flails
 - Level 2.0 Throwing
 - Level 1.8 Dodging
 - Level 1.2 Spellcasting
 - Level 2.7 Hexes


You had 2 spell levels left.
You knew the following spells:

 Your Spells              Type           Power      Damage    Failure   Level
a - Corona                Hex            8%         N/A       9%          1

Your spell library contained the following spells:

 Spells                   Type           Power      Damage    Failure   Level
 Slow                     Hex            8%         N/A       13%         2
 Inner Flame              Hex/Fire       4%         N/A       41%         3
 Portal Projectile        Hex/Tloc       8%         N/A       41%         3
 Cause Fear               Hex            4%         N/A       63%         4
 Leda's Liquefaction      Hex/Erth       2%         N/A       82%         4


Dungeon Overview and Level Annotations

Branches:
Dungeon (2/15)

Altars:


Innate Abilities, Weirdness & Mutations

You are too large for most types of armour.
You have tough skin. (AC +1)


Message History

There is a stone staircase leading down here.
You climb downwards.
A ball python and a rat come into view.
Found a scroll labelled DIGOVI SESES and a scroll labelled LEITIP OTAI.
There is a stone staircase leading up here.
Unknown command.
The ball python hisses angrily.
The ball python bites you.
* * * LOW HITPOINT WARNING * * *
The rat twitches its whiskers.
Casting: Corona (safe; 9% risk of failure)
Confirm with . or Enter, or press ? or * to list all spells.
Aiming: Corona (safe; 9% risk of failure)
Press: ? - help, Shift-Dir - straight line, f - ball python
Aim: a ball python (chance to affect: 61%)
The ball python struggles to resist.
The ball python bites you but does no damage.
Unknown command.
You barely miss the ball python. The ball python closely misses you.
The ball python bites you.
* * * LOW HITPOINT WARNING * * *
Unknown command.
You barely miss the ball python. The ball python bites you.
* * * LOW HITPOINT WARNING * * *
Unknown command.
You puncture the ball python!
You kill the ball python!
The rat bites you.
* * * LOW HITPOINT WARNING * * *
Unknown command.
Casting: Corona (safe; 9% risk of failure)
Confirm with . or Enter, or press ? or * to list all spells.
Aiming: Corona (safe; 9% risk of failure)
Press: ? - help, Shift-Dir - straight line, f - rat
Aim: a rat (chance to affect: 61%)
The rat is outlined in light.
The rat bites you but does no damage.
Unknown command.
Unknown command.
You barely miss the rat. The rat bites you.
You die...

.# #.# # #.# #.#.#
#.#.##########
............#
#.########........#
.......@r..?......#
#########....<#..
#.............
#..........#.#
#.........?...
#..#########.# #...
. #... #..


You could see a rat (corona).

Vanquished Creatures
  2 goblins (D:1)
  A hobgoblin (D:1)
  A kobold (D:1)
  2 oozes (D:1)
  3 ball pythons
  3 bats (D:1)
  3 frilled lizards (D:1)
15 creatures vanquished.

Notes
Turn   | Place    | Note
-------+----------+-------------------------------------------
     0 | D:1      | dickylongcocking the Ogre Arcane Marksman began the quest
                  | for the Orb.
     0 | D:1      | Reached XP level 1. HP: 19/19 MP: 2/2
   190 | D:1      | Reached skill level 1 in Maces & Flails
   316 | D:1      | Reached XP level 2. HP: 22/27 MP: 3/3
   420 | D:2      | HP: 1/27 [rat (2)]
   422 | D:2      | Slain by a rat

Illustrated notes

Levels and vault maps discovered:
D:1:      heliophobic_arrival_battle_scene, layout_basic, minmay_lizard_king
D:2:      layout_basic, lemuel_round_altar, serial_shops, shop, chequers_garden,
          uniq_sigmund

Skill      XL: |  1 |
---------------+----+-----
Maces & Flails | 1 |  1.7
Fighting       | |  1.3
Throwing       | |  2.0
Dodging        | |  1.8
Spellcasting   | |  1.2
Hexes          | |  2.7

Action                   || total
-------------------------++-------
Melee: Morningstar       ||    33
Throw: Large rock        ||     5
 Cast: Corona            ||     6
  Use: Potion            ||     1
Armor: Robe              ||    17
Dodge: Dodged            ||    31

Table legend: (Time is in decaauts)
 A = Elapsed time spent in this place.
 B = Non-inter-level travel time spent in this place.
 C = Inter-level travel time spent in this place.
 D = Time resting spent in this place.
 E = Time spent auto-exploring this place.
 F = Levels seen in this place.
 G = Mean time per level.
                   A        B        C        D        E       F      G
               +--------+--------+--------+--------+--------+-----+--------+
         Total |    440 |    440 |      0 |      0 |    315 |   2 |  220.0 |
       Dungeon |    440 |    440 |      0 |      0 |    315 |   2 |  220.0 |
               +--------+--------+--------+--------+--------+-----+--------+

Top non-repeatable levels by time:
     D:1: 427 daAuts
     D:2: 13 daAuts
